 Dungeon Crawl Stone Soup version 0.31.0-9-g3a7656b989 (webtiles) character file.

Game seed: 6339531589778576562

345559 Amplified the Slayer (level 20, -6/181 HPs)
             Began as a Mummy Fighter on Jan 25, 2024.
             Was an Initiate of Gozag.
             Mangled by a reaper
             ... wielding a +3 scythe of flaming
              (19 damage)
             ... on level 3 of the Crypt on Jan 28, 2024.
             The game lasted 02:11:13 (48367 turns).

Amplified the Slayer (Mummy Fighter)               Turns: 48367, Time: 02:11:14

Health: -6/181     AC: 26    Str: 24    XL:     20   Next: 96%
Magic:  0/38       EV: 33    Int: 12    God:    Gozag
Gold:   577        SH: 14    Dex: 11    Spells: 39/48 levels left

rFire   x . .        e - +9 eveningstar (vamp)
rCold   + . .        r - +2 kite shield
rNeg    + + +        T - +5 steam dragon scales of Dowdy Fun {^Contam rCorr Slay+3}
rPois   ∞            N - +2 hat of a Billion Friars {rElec rN+ Slay+2 Stlth+}
rElec   +            R - +1 cloak of Starlight {*Dazzle EV+4 Stlth--}
rCorr   +            a - +2 pair of gloves {infuse}
SInv    +            S - +2 pair of boots
Will    ++...        p - amulet of the acrobat Stlth
                     F - ring of see invisible
HPRegen 0.50/turn    I - ring "Rustrud" {AC+4 Slay+6}
MPRegen 0.26/turn

%: acrobat, faith
@: gold aura, acrobatic, studying Axes
A: cold resistance 1, negative energy resistance 3, torment resistance 2, heat
vulnerability 1, in touch with death 2, no potions, faith
}: 2/15 runes: decaying, gossamer
a: Renounce Religion, Potion Petition, Call Merchant, Bribe Branch


You were on level 3 of the Crypt.
You worshipped Gozag.
Gozag was pleased with you.
You visited 8 branches of the dungeon, and saw 38 of its levels.
You visited 2 bazaars.
You also visited: Sewer, Gauntlet and Volcano.

You collected 16711 gold pieces.
You spent 6702 gold pieces at shops.
You paid 9432 gold pieces to Gozag.

Inventory:

Hand Weapons
 e - a +9 vampiric eveningstar (weapon)
 l - the +27 heavy crossbow "Sniper" {heavy, Acc+∞ SInv}
   (You found it on level 1 of the Vaults)

   Acc+∞: It never misses its target.
   SInv:      It lets you see invisible.
 P - the +4 broad axe "Duqui" {antimagic, rC++ Dex+4}
   (You found it on level 3 of the Swamp)

   Dex+4:     It affects your dexterity (+4).
   rC++:      It greatly protects you from cold.
 X - a +1 spectral demon whip
Missiles
 C - 4 silver javelins (quivered)
 K - 17 poisoned darts
Armour
 a - a +2 pair of gloves of infusion (worn)
 r - a +2 kite shield (worn)
 x - the +0 plate armour of Discretion {Will++ Dex+3}
   (You found it in a Gauntlet)

   Dex+3:     It affects your dexterity (+3).
   Will++:    It greatly increases your willpower.
 z - a +4 plate armour of fire resistance
 B - the +18 shield of the Gong {Loud rN+ Will+ rCorr EV-5}
   (You bought it in a shop in a bazaar)

   Loud:      It is deafeningly noisy when blocking attacks.
   EV-5:      It affects your evasion (-5).
   rN+:       It protects you from negative energy.
   Will+:     It increases your willpower.
   rCorr:     It protects you from acid and corrosion.
 N - the +2 hat of a Billion Friars (worn) {rElec rN+ Slay+2 Stlth+}
   (You found it on level 3 of the Lair of Beasts)

   Slay+2:    It affects your accuracy & damage with ranged weapons and melee
   (+2).
   rElec:     It insulates you from electricity.
   rN+:       It protects you from negative energy.
   Stlth+:    It makes you more stealthy.
 R - the +1 cloak of Starlight (worn) {*Dazzle EV+4 Stlth--}
   (You found it on level 2 of the Spider Nest)

   *Dazzle:   It may blind those who miss an attack against the wearer in melee
   combat.
   EV+4:      It affects your evasion (+4).
   Stlth--:   It makes you much less stealthy.
 S - a +2 pair of boots (worn)
 T - the +5 steam dragon scales of Dowdy Fun (worn) {^Contam rCorr Slay+3}
   (You bought it in a shop on level 2 of the Orcish Mines)

   Slay+3:    It affects your accuracy & damage with ranged weapons and melee
   (+3).
   ^Contam:   It causes magical contamination when unequipped.
   rCorr:     It protects you from acid and corrosion.
Magical Staves
 b - the staff of Brutal Revenge {rF+ rN+ Necro}
   (You found it on level 4 of the Lair of Beasts)

   [staff of death]

   Base accuracy: +5 Base damage: 5 Base attack delay: 1.2 This weapon's minimum
   attack delay (0.6) is reached at skill level 12.
   rF+:       It protects you from fire.
   rN+:       It protects you from negative energy.
   Necro:     It increases the power of your Necromancy spells.
   It falls into the 'Staves' category.
   It is a one-handed weapon.
Jewellery
 i - a ring of resist corrosion
 p - an amulet of the acrobat (around neck)
 E - a ring of protection from fire
 F - a ring of see invisible (left hand)
 I - the ring "Rustrud" (right hand) {AC+4 Slay+6}
   (You bought it in a shop on level 11 of the Dungeon)

   [ring of protection]

   AC+4:      It affects your AC (+4).
   Slay+6:    It affects your accuracy & damage with ranged weapons and melee
   (+6).
 Q - a ring of protection from fire
Wands
 m - a wand of polymorph (6)
 q - a wand of roots (24)
 s - a wand of mindburst (6)
 t - a wand of paralysis (5)
 u - a wand of flame (63)
 v - a wand of digging (2)
 y - a wand of light (5)
Scrolls
 c - 2 scrolls of torment
 d - 5 scrolls of vulnerability
 f - 2 scrolls of brand weapon
 g - 3 scrolls of revelation
 h - 6 scrolls of amnesia
 k - 4 scrolls of immolation
 n - 8 scrolls of noise
 o - 3 scrolls of silence
 A - 8 scrolls of teleportation
 D - 16 scrolls of identify
 G - 2 scrolls of fog
 L - a scroll of poison
 U - 2 scrolls of fear
Miscellaneous
 w - a lightning rod (3/4)
 H - a phantom mirror (inert)
 M - a phial of floods


   Skills:
 * Level 21.6 Fighting
 * Level 8.8(13.7) Axes
 - Level 16.4(17.2) Maces & Flails
 - Level 8.2 Armour
 - Level 7.7 Dodging
 * Level 13.1 Shields
 - Level 14.6 Spellcasting
 - Level 9.1 Hexes
 - Level 5.6 Translocations


You had 39 spell levels left.
You knew the following spells:

 Your Spells              Type           Power      Damage    Failure   Level
a - Lesser Beckoning      Tloc           44%        N/A       1%          2
b - Dimensional Bullseye  Hex/Tloc       13%        N/A       5%          4
c - Fugue of the Fallen   Necr           19%        N/A       34%         3

Your spell library contained the following spells:

 Spells                   Type           Power      Damage    Failure   Level
 Confusing Touch          Hex            30%        N/A       1%          3
 Sigil of Binding         Hex            30%        N/A       1%          3
 Tukima's Dance           Hex            30%        N/A       1%          3
 Ensorcelled Hibernation  Hex/Ice        38%        N/A       2%          2
 Cause Fear               Hex            15%        N/A       2%          4
 Dazzling Flash           Conj/Hex       38%        N/A       5%          3
 Volatile Blastmotes      Fire/Tloc      30%        2d12      11%         3
 Foxfire                  Conj/Fire      32%        2x1d5     12%         1
 Necrotise                Necr           76%        1d7       12%         1
 Sandblast                Erth           16%        2d6       12%         1
 Shock                    Conj/Air       32%        1d5       12%         1
 Summon Small Mammal      Summ           32%        N/A       12%         1
 Manifold Assault         Tloc           22%        N/A       12%         4
 Passage of Golubria      Tloc           22%        N/A       12%         4
 Static Discharge         Conj/Air       16%        3-4/arc   19%         2
 Anguish                  Hex/Necr       22%        N/A       19%         4
 Call Canine Familiar     Summ           8%         N/A       34%         3
 Mephitic Cloud           Conj/Alch/Air  8%         N/A       34%         3
 Ozocubu's Armour         Ice            8%         N/A       34%         3
 Passwall                 Erth           8%         N/A       34%         3
 Stone Arrow              Conj/Erth      16%        3d8       34%         3
 Vampiric Draining        Necr           19%        2d7       34%         3
 Iskenderun's Mystic Bla  Conj/Tloc      15%        2d5       36%         4
 Silence                  Hex/Air        9%         N/A       45%         5
 Yara's Violent Unravell  Hex/Alch       9%         3d6       45%         5
 Summon Forest            Summ/Tloc      7%         N/A       71%         5
 Airstrike                Air            4%         2d(1-17)  75%         4
 Brom's Barrelling Bould  Conj/Erth      8%         2d3       75%         4
 Fulminant Prism          Conj/Alch      4%         3d5       75%         4
 Ignite Poison            Fire/Alch      8%         N/A       75%         4
 Martyr's Knell           Necr/Summ      19%        N/A       75%         4
 Olgreb's Toxic Radiance  Alch           8%         N/A       75%         4
 Summon Blazeheart Golem  Fire/Summ      8%         N/A       75%         4
 Summon Lightning Spire   Summ/Air       8%         N/A       75%         4
 Dispersal                Tloc           11%        N/A       87%         6
 Enfeeble                 Hex            15%        N/A       93%         7
 Curse of Agony           Necr           19%        N/A       97%         5
 Eringya's Noxious Bog    Alch           4%         4d6       100%        6
 Plasma Beam              Fire/Air       4%         2x1d14    100%        6
 Starburst                Conj/Fire      4%         6d3       100%        6
 Orb of Destruction       Conj           4%         9d5       100%        7
 Ozocubu's Refrigeration  Ice            4%         4d8       100%        7
 Spellforged Servitor     Conj/Summ      4%         N/A       100%        7
 Summon Hydra             Summ           4%         N/A       100%        7
 Discord                  Hex            15%        N/A       100%        8
 Disjunction              Tloc           11%        N/A       100%        8
 Lehudib's Crystal Spear  Conj/Erth      4%         10d3      100%        8
 Chain Lightning          Conj/Air       4%         3d5       100%        9


Dungeon Overview and Level Annotations

Branches:
Dungeon (15/15)            Temple (1/1) D:5            Lair (5/5) D:8
  Swamp (4/4) Lair:2       Spider (4/4) Lair:2          Orc (2/2) D:9
    Elf (0/3) Orc:2        Vaults (4/5) D:13          Crypt (3/3) Vaults:2
   Tomb (0/3) Crypt:3      Depths (0/4) D:15          Sewer (visited)
Volcano (visited)         Gauntlet (visited)
  Slime: Lair:4-5

Altars:
Ashenzari
Cheibriados
Dithmenos
Fedhas
Gozag
Hepliaklqana
Kikubaaqudgha
Makhleb
Nemelex Xobeh
Okawaru
Qazlal
Ru
Sif Muna
Trog
Uskayaw
Vehumet
Wu Jian
Xom
Yredelemnul
Jiyva

Shops:
D:4 !   D:8 !   D:11 =   D:13 (:   Orc:2 **?[   Vaults:4 =[(*

Portals:
Hell: Lair:5

Annotations:
D:13 Elemental staff for great 15 run?, Rupert
Lair:4 Slime, exclusion: 2 oklob plants
Orc:1 1 runed translucent door
Crypt:2 Mid stair danger


Innate Abilities, Weirdness & Mutations

You are immune to poison.
Your flesh is cold resistant. (rC+)
You are immune to negative energy. (rN+++)
You are immune to unholy pain and torment.
You are vulnerable to heat. (rF-)
You are strongly in touch with the powers of death.
You do not drink.
You have a special connection with the divine. (Faith)


Message History

Aim: a reaper, wielding a +3 scythe of flaming The thunderbolt hits the ancient champion!
The ancient champion is heavily damaged.
The thunderbolt hits the reaper!
The reaper is moderately wounded.
You block the ancient champion's attack.
You block the reaper's attack.
Unknown command.
Unknown command.
You thump the ancient champion!
The ancient champion is severely damaged.
You block the ancient champion's attack.
The reaper hits you from afar with a +3 scythe of flaming!
The reaper burns you.
Unknown command.
You bludgeon the ancient champion!!
You destroy the ancient champion!
Unknown command.
Unknown command.
Unknown command.
Unknown command.
Unknown command.
The reaper says, "Everyone has to die sometime, and your time is now."
The reaper hits you with a +3 scythe of flaming.
The reaper drags you backwards! The reaper burns you.
The freezing wraith misses you. You block the freezing wraith's attack.
There is an open door, spattered with blood here.
You sock the reaper!
The reaper is moderately wounded.
The reaper hits you with a +3 scythe of flaming!!
* * * LOW HITPOINT WARNING * * *
The reaper burns you.
* * * LOW HITPOINT WARNING * * *
The freezing wraith is distracted by your dazzling golden aura.
Unknown command.
The reaper hits you from afar with a +3 scythe of flaming!!
* * * LOW HITPOINT WARNING * * *
The reaper drags you backwards! The reaper burns you!!
You die...
Your body crumbles into a pile of gold.

,,,,,,,,* #..# *,*,,,,,*,,
,,,,,,,,****#..########.#,,,,,*,,
,,,,,,,,,,,,............#'*****,,
,,,,,,,,,,,,.............,,,,,,,,
********,########........,,,,,,**
,,,,,,,*.#......#........,,,,,,*
,,,,,,,*.#......#........,,,,,,*
,,,,,,,*.#....$$#W.......,,,,,,*
,,,,,,,*.#......@........,,,,,,**
########.#......#2.......****,,,,
.........#......#.#####..* *,,,,
'#####...#......#.#,,,*,,* *,,,,
.....#...#......#.+,,,*,,* *,,,,
.....#...#......#.#,,,#.Z# *,,..
.....#...#......#.#,,,#..# #....
.....#...#......#.#,,,#..# #....
.....#...#####'##.+,,,#..# #....


You could see a reaper and a freezing wraith.

Vanquished Creatures
  Khufu (Crypt:3)
  A royal mummy (Crypt:3)
  Saint Roka (Vaults:1)
  Arachne (Spider:4)
  Jorgrun (Spider:2)
  A lich (Crypt:3)
  A shard shrike skeleton (Crypt:3)
  Asterion (Spider:3)
  A sphinx (Vaults:2)
  5 ancient champions (Crypt:3)
  Agnes (Spider:4)
  Kirke (D:12)
  Aizul (Swamp:2)
  A shadow dragon (Vaults:1)
  A revenant (Crypt:1)
  2 tengu reavers
  6 fenstrider witches
  5 ghost moths
  4 vault wardens
  2 stone giants (Vaults:1)
  The ghost of Kenran the Severer, a journeyman GrBe of Trog (D:14)
  A curse skull (Crypt:3)
  14 ironbound preservers
  4 ghouls
  3 orc warlords
  A broodmother (Spider:4)
  3 ironbound thunderhulks
  A formless jellyfish (Vaults:4)
  5 vampire knights
  6 eleionomae
  2 very ugly things (Vaults:4)
  A war gargoyle (Vaults:4)
  7 bunyips
  A minotaur (Gauntlet)
  4 spark wasps
  6 dire elephants
  2 eidola
  A shambling mangrove (Swamp:4)
  A blizzard demon (Swamp:4)
  2 ettins
  2 jiangshi (Crypt:3)
  A crystal guardian (Vaults:3)
  Josephine (D:13)
  2 deep elf high priests (Vaults:2)
  7 yaktaur captains
  An entropy weaver (shapeshifter) (D:13)
  10 entropy weavers
  4 great orbs of eyes
  A rakshasa (D:15)
  The ghost of chuckiee3 the Spear-Bearer, a journeyman MiFi of Okawaru (D:10)
  2 fire dragons
  A spriggan zombie (Crypt:1)
  3 ghost crabs
  11 hydras
  2 ogre magi
  A hell beast (Swamp:4)
  Erica (Lair:1)
  10 alligators
  4 peacekeepers
  6 ironbound frosthearts
  A jorogumo (Spider:1)
  A catoblepas (Lair:5)
  5 vault guards
  6 centaur warriors
  A death knight (Crypt:1)
  9 boulder beetles
  3 radroaches
  8 two-headed ogres
  3 tengu warriors
  A deep troll earth mage (Vaults:2)
  A deep troll shaman (Crypt:2)
  2 death yaks (Lair:3)
  3 occultists
  Urug (D:12)
  14 demonic crawlers
  5 orc high priests
  3 vampire magi
  A spriggan berserker (Swamp:4)
  A deep elf knight (Vaults:2)
  2 soul eaters (Swamp:4)
  3 skysharks
  5 goliath frogs
  5 pharaoh ants
  3 shadow wraiths
  8 skeletal warriors (Crypt:3)
  A spark wasp zombie (Crypt:3)
  2 sixfirhies
  A ghost moth zombie (Crypt:2)
  A mana viper (shapeshifter) (Vaults:1)
  2 glowing orange brains
  35 deep trolls
  5 spriggan druids
  2 sun moths
  6 bog bodies
  2 flayed ghosts (Crypt:3)
  17 arcanists
  24 ironbound convokers
  A shadow dragon zombie (Crypt:3)
  A swamp dragon (Lair:2)
  3 deep elf zephyrmancers
  6 phantasmal warriors (Crypt:1)
  6 orb spiders
  A bunyip skeleton (Crypt:1)
  7 orc knights
  8 lindwurms
  6 deep elf pyromancers
  9 harpies
  2 necromancers
  14 steelbarb worms
  8 orc sorcerers
  5 cyclopes
  42 ugly things
  10 wolf spiders
  2 will-o-the-wisps (Swamp:4)
  2 manticores
  A moth of wrath (Spider:3)
  2 stone giant skeletons
  5 meliai (Spider:4)
  31 elephants
  A dire elephant zombie (Crypt:3)
  6 black mambas
  2 spectral iron trolls (Crypt:2)
  4 smoke demons
  2 spectral centaurs (D:10)
  9 torpor snails
  3 gargoyles (D:12)
  13 vault sentinels
  6 orange demons
  A molten gargoyle (D:12)
  Maggie (Lair:1)
  11 cane toads
  A torpor snail (shapeshifter) (Vaults:1)
  A yaktaur zombie (Vaults:2)
  A centaur skeleton (Crypt:1)
  10 komodo dragons
  2 unseen horrors
  A freezing wraith (Crypt:3)
  2 tengu conjurers
  9 rime drakes
  A guardian mummy (Crypt:3)
  2 ice devils (Lair:5)
  Psyche (D:8)
  An efreet (D:15)
  2 spectral deep trolls (Crypt:2)
  24 yaktaurs
  4 hellwings
  A human skeleton (Vaults:2)
  A harpy zombie (Crypt:1)
  A red devil (Lair:5)
  6 trolls
  21 tarantellas
  A tarantella (shapeshifter) (Vaults:1)
  12 tyrant leeches
  7 polar bears
  8 hornets
  23 blink frogs
  A wolf spider simulacrum (Gauntlet)
  A dream sheep (Lair:3)
  15 slime creatures
  12 culicivoras
  26 jumping spiders
  5 centaur simulacra
  An ettin skeleton (Crypt:3)
  4 wyverns
  9 spriggans
  2 vampires
  A spriggan (shapeshifter) (D:14)
  10 wraiths
  52 yaks
  A basilisk (Lair:5)
  2 hogs (D:12)
  64 redbacks
  2 fire bats (shapeshifter)
  3 fire bats (Lair:1)
  A neqoxec (Gauntlet)
  7 steam dragons
  9 vampire mosquitoes
  2 wargs
  5 chaos spawn
  An elf skeleton (Vaults:2)
  16 swamp worms
  A two-headed ogre zombie (Crypt:3)
  2 acid dragons
  A harpy simulacrum (Crypt:1)
  5 hell hounds
  A hydra simulacrum (Gauntlet)
  20 water moccasins
  A fire bat skeleton (Crypt:3)
  A swamp drake (Swamp:1)
  A merfolk skeleton (Crypt:3)
  2 sky beasts
  31 orc warriors
  A black mamba simulacrum (Crypt:3)
  A laughing skull (Vaults:2)
  4 black bears
  6 ogres
  3 boggarts (D:15)
  23 wolves
  A manticore skeleton (Crypt:1)
  A torpor snail zombie (Crypt:3)
  13 centaurs
  An elf zombie (Crypt:3)
  15 bullfrogs
  2 kobold brigands
  Blork the orc (D:6)
  A gnoll sergeant (D:12)
  A scorpion (D:7)
  12 wights
  12 killer bees (D:10)
  3 howler monkeys
  3 jellies
  4 lava snakes
  36 orc priests
  A bombardier beetle (D:5)
  2 gnoll boudas
  An iguana (shapeshifter) (D:13)
  A basilisk skeleton (Crypt:3)
  Crazy Yiuf (D:6)
  A sleepcap (D:6)
  Terence (D:3)
  3 iguanas
  47 orc wizards
  A sky beast zombie (Crypt:2)
  A boggart simulacrum (Gauntlet)
  2 mummies (Crypt:3)
  A howler monkey zombie (Crypt:3)
  16 gnolls
  13 adders
  A river rat (D:5)
  2 shadow imps
  A lava snake skeleton (Crypt:1)
  8 dart slugs
  A ribbon worm (D:2)
  99 orcs
  18 ball pythons
  9 bats
  7 endoplasms
  12 giant cockroaches
  9 hobgoblins
  9 jackals
  7 quokkas
  12 frilled lizards
  2 goblins
  15 kobolds
  7 rats
1515 creatures vanquished.

Vanquished Creatures (collateral kills)
  Louise (Swamp:3)
  An orc warlord (Orc:2)
  An orc sorcerer (Orc:2)
  A freezing wraith (Crypt:1)
  3 orcs (Orc:2)
7 creatures vanquished.

Vanquished Creatures (others)
  A wolf spider (Spider:3)
  An ugly thing (Vaults:3)
  A vault sentinel (Vaults:3)
  A bloated husk (Swamp:1)
  A wraith (D:13)
  A vampire (D:10)
  A human (D:12)
  A gnoll (D:12)
  2 orcs (D:9)
  16 foxfires (Swamp:4)
26 creatures vanquished.

Grand Total: 1548 creatures vanquished

Notes
Turn   | Place    | Note
-------+----------+-------------------------------------------
     0 | D:1      | Amplified the Mummy Fighter began the quest for the Orb.
     0 | D:1      | Reached XP level 1. HP: 18/18 MP: 1/1
   207 | D:1      | Found a faded altar of an unknown god.
   288 | D:1      | Reached XP level 2. HP: 18/24 MP: 2/2
   686 | D:1      | Reached XP level 3. HP: 29/29 MP: 3/3
  1364 | D:2      | Identified a scroll of acquirement
  1364 | D:2      | Acquired a +4 eveningstar of protection
  1574 | D:2      | Reached XP level 4. HP: 36/37 MP: 4/4
  1872 | D:3      | Noticed Terence
  1880 | D:3      | Killed Terence
  1881 | D:3      | Reached skill level 4 in Fighting
  2063 | D:3      | Reached XP level 5. HP: 42/42 MP: 5/5
  2539 | D:4      | Found Juceegh's Distillery.
  2751 | D:4      | Reached XP level 6. HP: 43/49 MP: 6/6
  3165 | D:5      | Entered Level 5 of the Dungeon
  3271 | D:5      | Reached skill level 5 in Fighting
  3306 | D:5      | Found a staircase to the Ecumenical Temple.
  3339 | Temple   | Entered the Ecumenical Temple
  3355 | Temple   | Became a worshipper of Gozag Ym Sagoz the Greedy
  3383 | D:5      | Found a glowing drain.
  3412 | Sewer    | Entered a sewer
  3707 | Sewer    | Reached XP level 7. HP: 42/56 MP: 7/7
  3717 | Sewer    | Identified the +8 sling of Springtime {heavy, ^Contam
                  | +Blink Int+2 SInv}
  3719 | Sewer    | Identified the +1 flail of Spores {venom, ^Drain rPois rN++
                  | Str+3}
  3907 | D:5      | Reached skill level 6 in Fighting
  4413 | D:6      | Reached skill level 5 in Maces & Flails
  4417 | D:6      | Reached XP level 8. HP: 58/65 MP: 8/8
  4423 | D:6      | Noticed Blork the orc
  4428 | D:6      | Killed Blork the orc
  4583 | D:6      | Noticed a troll
  4848 | D:6      | Killed a troll
  4849 | D:6      | Reached skill level 7 in Fighting
  5569 | D:6      | Found a runed translucent door.
  5571 | D:6      | Noticed Crazy Yiuf
  5725 | D:6      | Killed Crazy Yiuf
  5811 | D:6      | Reached skill level 5 in Shields
  5997 | D:7      | Reached skill level 8 in Fighting
  6036 | D:7      | Found a stormy altar of Qazlal.
  6056 | D:7      | Reached XP level 9. HP: 74/74 MP: 9/9
  6545 | D:8      | Found Ohamad's Distillery.
  6705 | D:8      | Found a staircase to the Lair.
  7213 | D:8      | Reached skill level 9 in Fighting
  7338 | D:8      | Noticed a deep elf pyromancer
  7338 | D:8      | Noticed a tengu conjurer
  7429 | D:9      | Noticed a two-headed ogre
  7439 | D:9      | Killed a two-headed ogre
  7442 | D:9      | Reached XP level 10. HP: 59/84 MP: 10/10
  7897 | D:8      | Noticed Psyche
  7935 | D:7      | Reached skill level 10 in Fighting
  7982 | D:8      | Identified the +12 hand cannon "Ureun" {drain, *Slow rElec
                  | Int+7 Dex+4}
  7982 | D:8      | Noticed a centaur warrior
  7990 | D:8      | Killed a centaur warrior
  8194 | D:8      | Killed a deep elf pyromancer
  8285 | D:8      | Noticed a centaur warrior
  8295 | D:8      | Killed a centaur warrior
  8300 | D:8      | Noticed a catoblepas
  8662 | D:8      | Reached skill level 11 in Fighting
  8924 | D:8      | Got Wusuonil's Anthology of Ill Luck
  8954 | D:8      | Got Tigial's Encyclopedia of the Map
  8964 | D:8      | Learned a level 2 spell: Lesser Beckoning
  9243 | D:9      | Found a staircase to the Orcish Mines.
  9321 | D:9      | Reached XP level 11. HP: 63/93 MP: 11/11
  9325 | D:9      | Got the Atlas of the Wind
  9427 | D:9      | Found a snail-covered altar of Cheibriados.
  9898 | D:10     | Entered Level 10 of the Dungeon
 10549 | D:10     | Noticed a deep elf pyromancer
 10555 | D:10     | Killed a deep elf pyromancer
 11025 | D:10     | Found a runed translucent gate.
 11025 | D:10     | Found a runed translucent gate.
 11025 | D:10     | Found a runed translucent gate.
 11026 | D:10     | Noticed chuckiee3's ghost (journeyman MiFi)
 11055 | D:10     | Found an ancient bone altar of Kikubaaqudgha.
 11200 | D:10     | Noticed a two-headed ogre
 11222 | D:10     | Reached skill level 12 in Fighting
 11239 | D:10     | Reached skill level 10 in Maces & Flails
 11395 | D:10     | Killed a two-headed ogre
 12166 | D:11     | Reached skill level 1 in Dodging
 13181 | D:12     | Noticed Urug
 13191 | D:12     | Killed Urug
 13192 | D:12     | Reached XP level 12. HP: 53/103 MP: 12/12
 13527 | D:12     | Noticed Kirke
 13560 | D:12     | Killed Kirke
 13561 | D:12     | Reached skill level 13 in Fighting
 14007 | Orc:1    | Entered Level 1 of the Orcish Mines
 14766 | Orc:1    | Found a runed translucent door.
 14769 | Orc:1    | Noticed a balrug
 14799 | Orc:2    | Entered Level 2 of the Orcish Mines
 14922 | Orc:2    | Found a gate leading to a gauntlet.
 14989 | Gauntlet | Entered a Gauntlet
 14989 | Gauntlet | Found a transporter.
 14996 | Gauntlet | Found a transporter.
 14998 | Gauntlet | Found a transporter.
 15009 | Gauntlet | Found a transporter.
 15012 | Gauntlet | Found a transporter.
 15019 | Gauntlet | Found a transporter.
 15034 | Gauntlet | Found a transporter.
 15038 | Gauntlet | Found a runed translucent door.
 15042 | Gauntlet | Found a transporter.
 15055 | Gauntlet | Found a transporter.
 15069 | Gauntlet | Found a transporter.
 15083 | Gauntlet | Found a transporter.
 15083 | Gauntlet | Found a transporter.
 15126 | Gauntlet | Found a transporter.
 15143 | Gauntlet | Found a transporter.
 15425 | Gauntlet | Identified the +0 plate armour of Discretion {Will++ Dex+3}
 15571 | Gauntlet | Noticed a minotaur
 15578 | Gauntlet | Killed a minotaur
 15584 | Gauntlet | Got Zeat's Codex of Hermetica and Haze
 15994 | Lair:1   | Entered Level 1 of the Lair of Beasts
 15994 | Lair:1   | Noticed Erica
 16081 | Lair:2   | Found a hole to the Spider Nest.
 16179 | Lair:2   | Reached skill level 14 in Fighting
 16209 | Lair:2   | Gained mutation: You are strongly in touch with the powers
                  | of death. [Mummy growth]
 16209 | Lair:2   | Reached XP level 13. HP: 101/113 MP: 13/13
 16483 | Lair:1   | Found a dark tunnel.
 16544 | Volcano  | Entered a volcano
 16840 | Volcano  | Reached skill level 5 in Armour
 16993 | Volcano  | Noticed a fire dragon
 17005 | Volcano  | Killed a fire dragon
 17205 | Lair:1   | Noticed Maggie
 17215 | Lair:1   | Killed Maggie
 17371 | Lair:1   | Killed Erica
 18020 | Lair:4   | Reached skill level 15 in Fighting
 18141 | Lair:4   | Reached skill level 5 in Dodging
 18171 | Lair:5   | Entered Level 5 of the Lair of Beasts
 18548 | Lair:5   | Reached XP level 14. HP: 98/123 MP: 14/14
 18998 | Lair:4   | Identified the staff of Brutal Revenge {rF+ rN+ Necro}
 19300 | Lair:5   | Reached skill level 16 in Fighting
 19619 | Lair:5   | Found a burning altar of Makhleb.
 19722 | Lair:5   | Found a gateway to Hell.
 19724 | Lair:5   | Got an earthy gem with 702 turns to spare
 20312 | Lair:4   | Found a viscous altar of Jiyva.
 20638 | Lair:3   | Found a runed translucent door.
 20638 | Lair:3   | Found the +8 whip "Snakebite" {venom, curare, rPois}
 21282 | Lair:3   | Reached XP level 15. HP: 118/132 MP: 15/15
 21695 | Lair:3   | Identified the +2 hat of a Billion Friars {rElec rN+ Slay+2
                  | Stlth+}
 21704 | Lair:3   | Found a runed translucent gate.
 21704 | Lair:3   | Found a runed translucent gate.
 21704 | Lair:3   | Found a runed translucent gate.
 21704 | Lair:3   | Found a runed translucent gate.
 21704 | Lair:3   | Found a runed translucent gate.
 21704 | Lair:3   | Found a runed translucent gate.
 21976 | Lair:2   | Found a staircase to the Swamp.
 23023 | Orc:2    | Reached skill level 17 in Fighting
 23222 | Orc:2    | Found a staircase to the Elven Halls.
 23293 | Orc:2    | Found a shimmering blue altar of Sif Muna.
 23341 | Orc:2    | Found Joluluh's Antique Armour Emporium.
 23341 | Orc:2    | Found Xotzutudwo's General Store.
 23342 | Orc:2    | Found Syosiz Foqe's Assorted Antiques.
 23373 | Orc:2    | Found Jouthru's Magic Scroll Emporium.
 23405 | Orc:2    | Bought a scroll of enchant armour for 127 gold pieces
 23405 | Orc:2    | Bought a scroll of enchant weapon for 127 gold pieces
 23405 | Orc:2    | Bought 2 scrolls of teleportation for 102 gold pieces
 23405 | Orc:2    | Bought a scroll of blinking for 127 gold pieces
 23405 | Orc:2    | Bought a scroll of teleportation for 51 gold pieces
 23406 | Orc:2    | Bought a scroll of teleportation for 90 gold pieces
 23408 | Orc:2    | Bought a pair of embroidered boots for 187 gold pieces
 23415 | Orc:2    | Bought translucent steam dragon scales for 1125 gold pieces
 23415 | Orc:2    | Identified the +5 steam dragon scales of Dowdy Fun {^Contam
                  | rCorr Slay+3} (You bought it in a shop on level 2 of the
                  | Orcish Mines)
 24147 | D:13     | Noticed Josephine
 24150 | D:13     | Found Buta's Antique Weapon Shoppe.
 24177 | D:13     | Killed Josephine
 24218 | D:13     | Noticed Rupert
 24713 | D:14     | Found a runed translucent door.
 24714 | D:14     | Noticed Kenran's ghost (journeyman GrBe)
 25409 | D:15     | Entered Level 15 of the Dungeon
 25576 | D:15     | Found a staircase to the Depths.
 26436 | D:14     | Killed Kenran's ghost
 26437 | D:14     | Reached skill level 15 in Maces & Flails
 26597 | D:13     | Found a gate to the Vaults.
 26600 | D:13     | Reached XP level 16. HP: 104/143 MP: 16/16
 26817 | D:13     | Paralysed by Rupert for 2 turns
 26840 | D:11     | Bought the ring "Rustrud" {AC+4 Slay+6} for 1023 gold
                  | pieces
 26937 | D:8      | Killed Psyche
 27014 | D:10     | Killed chuckiee3's ghost
 27385 | Swamp:1  | Entered Level 1 of the Swamp
 27555 | Swamp:1  | Reached skill level 1 in Spellcasting
 27656 | Swamp:1  | Reached skill level 1 in Translocations
 27789 | Swamp:1  | Reached skill level 18 in Fighting
 28023 | Swamp:2  | Paralysed by a fenstrider witch for 2 turns
 28497 | Swamp:2  | Identified the serpent talisman of Wonder {rF- rCorr SInv}
 28497 | Swamp:2  | Noticed Aizul
 28782 | Swamp:2  | Paralysed by a fenstrider witch for 5 turns
 29120 | Swamp:3  | Identified the +4 broad axe "Duqui" {antimagic, rC++ Dex+4}
 29166 | Swamp:3  | Identified the -1 tower shield of the Fletcher {MP+9}
 29166 | Swamp:3  | Noticed Louise
 29181 | Swamp:3  | Killed Louise
 29897 | Swamp:4  | Entered Level 4 of the Swamp
 29957 | Swamp:4  | Paralysed by an orc sorcerer for 3 turns
 30930 | Swamp:4  | Reached skill level 5 in Spellcasting
 30949 | Swamp:4  | Identified the +1 robe of Yrumub {-Cast Dex+2 Stlth+}
 31012 | Swamp:4  | Reached XP level 17. HP: 100/150 MP: 23/26
 31208 | Swamp:4  | Got a decaying rune of Zot
 31560 | Swamp:4  | Reached skill level 5 in Translocations
 32190 | Swamp:2  | Killed Aizul
 32779 | Spider:1 | Entered Level 1 of the Spider Nest
 33733 | Spider:2 | Noticed Jorgrun
 33749 | Spider:2 | Killed Jorgrun
 34294 | Spider:2 | Learned a level 4 spell: Dimensional Bullseye
 34298 | Spider:2 | Found the +1 cloak of Starlight {*Dazzle EV+4 Stlth--}
 34365 | Spider:2 | Reached skill level 1 in Hexes
 34930 | Spider:2 | Identified the +3 rapier of Dried Tears {heavy, rPois rCorr
                  | Int-4 Dex+3}
 35239 | Spider:3 | Identified the +1 spear of Cheibriados's Favour {freeze,
                  | Stlth+}
 35806 | Spider:3 | Reached skill level 10 in Spellcasting
 36150 | Spider:3 | Noticed Asterion
 36161 | Spider:3 | Killed Asterion
 36322 | Spider:4 | Entered Level 4 of the Spider Nest
 36322 | Spider:4 | Noticed Agnes
 36459 | Spider:4 | Reached XP level 18. HP: 135/159 MP: 29/32
 36506 | Spider:4 | Reached skill level 19 in Fighting
 36805 | Spider:4 | Killed Agnes
 37531 | Spider:4 | Reached skill level 5 in Hexes
 37537 | Spider:4 | Noticed Arachne
 38027 | Spider:4 | Killed Arachne
 38212 | Spider:4 | Got a gossamer rune of Zot
 38871 | Vaults:1 | Entered Level 1 of the Vaults
 39409 | Vaults:1 | Reached skill level 10 in Shields
 39467 | Vaults:1 | Noticed Saint Roka
 39483 | Vaults:1 | Killed Saint Roka
 40386 | Vaults:1 | Reached XP level 19. HP: 129/168 MP: 12/35
 40424 | Vaults:1 | Found the +27 heavy crossbow "Sniper" {heavy, Acc+∞ SInv}
 40869 | Vaults:1 | You fall into a shaft and drop 1 floor!
 41283 | Vaults:2 | Reached skill level 20 in Fighting
 41388 | Vaults:2 | Paralysed by a sphinx for 3 turns
 42285 | Vaults:2 | Found a staircase to the Crypt.
 43112 | Vaults:3 | Found a flickering gateway to a bazaar.
 43133 | Bazaar   | Entered a bazaar
 43142 | Bazaar   | Found Ynomepp's Distillery.
 43142 | Bazaar   | Found Ohebo's Magic Scroll Shop.
 43163 | Bazaar   | Found Ychyoqid's Assorted Antiques.
 43175 | Bazaar   | Found Goceitra's Weapon Boutique.
 43203 | Bazaar   | Bought a scroll of revelation for 112 gold pieces
 43203 | Bazaar   | Bought a scroll of enchant armour for 112 gold pieces
 43203 | Bazaar   | Bought a scroll of torment for 142 gold pieces
 43215 | Bazaar   | Bought 3 scrolls of revelation for 630 gold pieces
 43215 | Bazaar   | Bought a small onyx ring for 140 gold pieces
 43215 | Bazaar   | Bought a wand of light (5) for 588 gold pieces
 43215 | Bazaar   | Bought a phial of floods for 1120 gold pieces
 44652 | Vaults:4 | Found Lamial's Jewellery Shop.
 44710 | Vaults:4 | Reached skill level 1 in Axes
 44710 | Vaults:4 | Reached XP level 20. HP: 176/178 MP: 34/38
 45019 | Vaults:4 | Found a flickering gateway to a bazaar.
 45072 | Vaults:4 | Found Ynyllen's General Store.
 45111 | Vaults:4 | Found Waosec's Weapon Emporium.
 45305 | Vaults:4 | Found Xesaym's Antique Armour Boutique.
 45379 | Bazaar   | Entered a bazaar
 45404 | Bazaar   | Found Ynacibe's General Store.
 45472 | Bazaar   | Found Orittoyli's Weapon Shoppe.
 45486 | Bazaar   | Found Qicim's Armour Shoppe.
 45495 | Bazaar   | Bought the +18 shield of the Gong {Loud rN+ Will+ rCorr
                  | EV-5} for 863 gold pieces
 45495 | Bazaar   | Found the +18 shield of the Gong {Loud rN+ Will+ rCorr
                  | EV-5}
 45515 | Bazaar   | Bought a scroll of teleportation for 36 gold pieces
 45850 | Vaults:4 | Reached skill level 5 in Axes
 46040 | Vaults:4 | Reached skill level 21 in Fighting
 46969 | Vaults:2 | Learned a level 3 spell: Fugue of the Fallen
 46970 | Crypt:1  | Entered Level 1 of the Crypt
 47656 | Crypt:3  | Entered Level 3 of the Crypt
 47765 | Crypt:3  | Noticed Khufu
 47783 | Crypt:3  | Killed Khufu
 47784 | Crypt:3  | Noticed a royal mummy
 47796 | Crypt:3  | Killed a royal mummy
 48367 | Crypt:3  | Mangled by a reaper

Illustrated notes

Levels and vault maps discovered:
D:1:      amcnicky_arrival_blooded_trapdoor, layout_loops_corners,
          chequers_ecumenical_altar_twisty, minivault_25, columned_hall_lemuel,
          minmay_misc_feat_enclosed
D:2:      layout_basic, kennysheep_generic_room_14
D:3:      layout_basic, uniq_terence
D:4:      layout_loops_ring, serial_shops, nicolae_shop_waterfront
D:5:      layout_loops_ring, minmay_temple_entry_wispy,
          mainiacjoe_sewer_entry_somewhere_in_here_1, solitary_fountain
D:6:      nicolae_cairo_tiling_large_dashed, layout_basic, uniq_blork_the_orc,
          uniq_crazy_yiuf_cottage
D:7:      layout_cave_pools, nicolae_qazlal_scattered_showers
D:8:      layout_loops_cross, lair_entry_dummy, nicolae_stop_n_shop_2,
          hangedman_decor_diamond_cutter, minmay_the_grid_2x2
          [minmay_the_grid_dragon_a, minmay_the_grid_slots,
          minmay_the_grid_minigrid_large, minmay_the_grid_prize_trominoes],
          uniq_psyche
D:9:      layout_cross, cheibriados_altar_1, hiddenorc2_lemuel
D:10:     minmay_opposing_rooms, layout_small_grid, overflow_temple_1_default,
          gammafunk_ghost_necromancy
D:11:     layout_basic, minivault_1, minmay_misc_feat_rows
D:12:     layout_roguey, grunt_decor_junction, uniq_urug, uniq_kirke
D:13:     layout_cave_pools, hellmonk_vaults_order_and_chaos, serial_shops,
          shop, uniq_josephine, uniq_rupert
D:14:     layout_loops_cross, hellmonk_ghost_happy_afterlife
D:15:     hangedman_depths_entry_civil_slaughter, layout_small_grid,
          chequers_decorated_corner
Temple:   compressed_dpeg_triangle_lava_temple
Lair:1:   layout_cave_pods, nicolae_volcano_entry_batcave, lemuel_fruit_tree,
          uniq_erica, uniq_maggie
Lair:2:   layout_loops_ring, mainiacjoe_swamp_entry_lozenge_pond,
          nicolae_spider_entry_tight_spaces, st_stairs_10,
          cheibrodos_lair_lostbears
Lair:3:   gammafunk_indiana_jones, layout_cave_pods, minmay_shattered_shrine
Lair:4:   layout_layer_cave, minmay_slime_entry_oklob_enclosed
Lair:5:   evil_forest, layout_small_grid
Swamp:1:  layout_basic_swamp, evilmike_swamp_ruin_house_2,
          nicolae_swamp_tree_isthmus
Swamp:2:  layout_basic_swamp, nicolae_swamp_stuck_in_the_mud, uniq_aizul
Swamp:3:  layout_basic_swamp, nicolae_swamp_very_dense_foliage, uniq_louise
Swamp:4:  nzn_swamp_witches_coven, layout_basic_swamp, swamp_pool_1_2
Spider:1: layout_cave_pods
Spider:2: layout_cave_pods, uniq_jorgrun
Spider:3: layout_spider_delve, hangedman_spider_tarantella_strand, uniq_asterion
Spider:4: hellmonk_spider_rune_bug_friends, uniq_agnes, uniq_arachne
Orc:1:    dreamdust_dug_too_deep, layout_caves, basic_altar
Orc:2:    st_orc_mages, layout_caves, basic_altar, gauntlet_entry_generic,
          led_sif_book
Vaults:1: nicolae_vaults_tetromino_L_2, v_misc_26,
          minmay_guarded_unrand_secular_launcher,
          nicolae_vaults_layer_cake_slice, nicolae_vaults_two_Ls,
          nicolae_vaults_tangram_1, nicolae_vaults_closet_pinwheel_3,
          nicolae_vaults_closet_pinwheel_4, nicolae_vaults_trapezoid_1,
          vaults_room_large_hall, v_alt_pattern_6, layout_vaults_maze_bifur,
          uniq_saint_roka
Vaults:2: ontoclasm_vaults_tryst, v_misc_30, minmay_crypt_entry_simple_box,
          nicolae_vaults_tetromino_T_1, st_hourglassy,
          nicolae_vaults_heart-shaped_vault, nicolae_vaults_sesquioval_fish,
          v_misc_3, nicolae_vaults_trapezoid_4, layout_vaults_quadrants
Vaults:3: nicolae_vaults_network_s, nicolae_vaults_more_shelving_1, v_rooms_3,
          hangedman_vaults_stagger, hangedman_vaults_trim,
          hangedman_vaults_stretched_pinwheel, v_pattern_4,
          hangedman_vaults_stretched_pinwheel,
          nicolae_vaults_shipping_containers_6,
          nicolae_vaults_trapezoid_lopsided_3, nicolae_vaults_little_squares_2,
          v_misc_22, nicolae_vaults_tetromino_T_2, grunt_vaults_hallway_short,
          nicolae_vaults_house_2, layout_vaults_ring, serial_shops, freezing_bzr
Vaults:4: vaults_mumra_chevron_long, v_misc_12, v_misc_16, v_pattern_1,
          nicolae_vaults_lightning_bolt, vaults_room_fours,
          nicolae_vaults_little_ls, hangedman_vaults_corner_blocks,
          nicolae_vaults_heart-shaped_vault, nicolae_vaults_two_Ls,
          vaults_room_corners, layout_vaults_big_room, serial_shops,
          bzr_entry_gold, shop_fountains, shop, shop,
          nicolae_shop_competitors_out_of_business
Crypt:1:  layout_regular_city, gammafunk_ghost_arena, grunt_crypt_arrival_webbed
Crypt:2:  layout_misc_corridors, skrybe_necro_troll_1
Crypt:3:  lightli_unholy_cathedral, layout_chaotic_city,
          nicolae_tomb_entry_grand_gallery, grunt_ministairs_11, uniq_khufu,
          uniq_margery

Skill      XL: |  1  2  3  4  5  6  7  8  9 10 11 12 13 14 15 16 17 18 19 20 |
---------------+-------------------------------------------------------------+-----
Maces & Flails | 2 3 4 5 6 7 9 10 11 12 14 15 16 | 16.4
Shields        | 3 4 5 6 7 9 10 11 13 | 13.1
Fighting       | 4 5 6 8 9 11 12 14 15 16 17 18 19 20 21 | 21.6
Dodging        | 1 3 5 6 7 |  7.7
Armour         | 3 4 5 7 8 |  8.2
Spellcasting   | 6 10 12 14 | 14.6
Translocations | 4 5 |  5.6
Hexes          | 3 7 9 |  9.1
Axes           | 1 8 |  8.8

Action                     |  1- 3 |  4- 6 |  7- 9 | 10-12 | 13-15 | 16-18 | 19-21 || total
---------------------------+-------+-------+-------+-------+-------+-------+-------++-------
  Melee: Flail             |   126 |       |       |       |       |       |       ||   126
         Eveningstar       |    17 |   194 |   174 |   629 |  1221 |  1268 |  1073 ||  4576
  Throw: Dart              |       |       |       |     2 |       |       |       ||     2
         Throwing net      |       |       |       |     1 |       |       |       ||     1
         Javelin           |       |       |       |       |     2 |     7 |       ||     9
   Cast: Lesser Beckoning  |       |       |       |       |       |    52 |    33 ||    85
         Dimensional Bulls |       |       |       |       |       |     1 |       ||     1
         Fugue of the Fall |       |       |       |       |       |       |     1 ||     1
 Invoke: Potion Petition   |       |       |     1 |     9 |     7 |     4 |     3 ||    24
         Call Merchant     |       |       |       |       |       |     2 |       ||     2
  Evoke: Wand              |       |       |     4 |    19 |    18 |     7 |       ||    48
         Lightning rod     |       |       |       |     4 |    19 |    11 |     6 ||    40
         Phantom mirror    |       |       |       |       |     1 |     3 |     1 ||     5
    Use: Scroll            |     8 |     9 |     7 |    10 |    14 |    12 |    11 ||    71
   Stab: Distracted        |       |     2 |       |     5 |     9 |    11 |     7 ||    34
         Invisible         |       |       |     1 |     3 |     2 |    16 |     8 ||    30
         Paralysed         |       |       |     7 |    10 |     2 |       |       ||    19
         Held in net/web   |       |       |       |     2 |       |       |       ||     2
         Sleeping          |       |       |       |       |     2 |     1 |       ||     3
 Armour: Scale mail        |   118 |   114 |   136 |   444 |    59 |       |       ||   871
         Plate armour      |       |       |       |       |   616 |       |       ||   616
         Steam dragon scal |       |       |       |       |   150 |   794 |   514 ||  1458
  Dodge: Dodged            |    73 |    89 |    59 |   334 |   579 |   874 |   471 ||  2479
  Block: Buckler           |    42 |    59 |    47 |   247 |   355 |   296 |       ||  1046
         Kite shield       |       |       |       |       |       |   172 |   570 ||   742
